Unix NetHack Version 3.7.0-101 Work-in-progress - last build Mar 4 2024 02:26:32 (3c4ac04b664b9ee0831c739617f054b5b60dbfd1,branch:master). Game began 2024-03-06 15:58:41, ended 2024-03-06 17:15:30. MalkMcJorma, chaotic male elven Ranger ----- ...| -...| |...| |...| ---- |.... ...--+--...| ....@....| .......| ------ ### ...@.| .....| #-.---- -@..| |....| #|....| |...|#####....<| #|....| |)..|# ------ ##|....| |...|# ###### ------ | ----------- --------...|# # |...............................# ### ---------------------------.) ### ####[#####)###)#### MalkMcJorma the Trailblazer St:16 Dx:11 Co:15 In:14 Wi:15 Ch:7 Chaotic Dlvl:8 $:0 HP:0(49) Pw:46(46) AC:-2 Xp:8/1456 FoodPois Satiated Burdened T:5625 Latest messages: You stop eating the carnivorous ape corpse. There is a partly eaten carnivorous ape corpse here; eat it? [ynq] (n) You resume your meal. You finish eating the carnivorous ape corpse. You don't have anything to eat. There are several objects here. You have a little trouble lifting u - an arrow. You learn more about your items by comparing them. c - an uncursed +2 elven arrow (in quiver) (23 in total). The gnome shoots an arrow! An arrow misses you. There are several objects here. The gnome shoots an arrow! An arrow misses you. In what direction? You shoot 4 elven arrows. The 1st elven arrow hits the gnome! You kill the gnome! But wait... The gnome's medallion begins to glow! The gnome looks much better! The medallion crumbles to dust! The 2nd elven arrow hits the gnome! The 3rd elven arrow hits the gnome! You kill the gnome! There is a dwarf lady corpse here; eat it? [ynq] (n) Ulch - that meat was tainted! You feel deathly sick. (It must have died too long ago to be safe to eat.) You hear water falling on coins. # You begin praying to Mars. You finish your prayer. You feel that Mars is displeased. What do you want to read? [mpqst or ?*] As you read the scroll, it disappears. You forget some of your training in bow. Who was that Maud person anyway? Your sickness feels worse. Your sickness is severe. You have a little trouble lifting u - 8 arrows (9 in total). c - 3 uncursed +2 elven arrows (in quiver) (22 in total). You are at Death's door. What do you want to use or apply? [lp-txQ or ?*] Waiting doesn't feel like a good idea right now. Waiting doesn't feel like a good idea right now. Waiting doesn't feel like a good idea right now. Waiting doesn't feel like a good idea right now. Waiting doesn't feel like a good idea right now. You die from your illness. Inventory: Weapons (')') u - 9 uncursed +0 arrows c - 22 uncursed +2 elven arrows (in quiver) d - 17 uncursed +0 elven arrows b - an uncursed +1 elven bow (weapon in right hand) H - 15 uncursed +0 daggers C - 3 uncursed +0 elven daggers a - the uncursed +1 Sting (alternate weapon; not wielded) Armor ('[') I - an uncursed +0 dwarvish iron helm (being worn) B - an uncursed +0 pair of jumping boots named Jumping (being worn) e - an uncursed +2 elven cloak (being worn) J - an uncursed +0 elven mithril-coat (being worn) Spellbooks ('+') s - an uncursed novel named Lords and Ladies t - an uncursed spellbook of create monster q - an uncursed spellbook of cure sickness p - an uncursed spellbook of slow monster Potions ('!') n - an uncursed potion of speed Rings ('=') o - an uncursed +1 ring of protection (on left hand) Wands ('/') Q - an uncursed wand of sleep named Sleep (0:7) Tools ('(') r - an uncursed oilskin sack containing 7 items x - an uncursed +0 pick-axe Gems/Stones ('*') l - an uncursed touchstone Contents of the oilskin sack: 681 gold pieces an uncursed cream pie 2 uncursed food rations 2 uncursed fortune cookies 7 uncursed lembas wafers a blessed scroll of enchant armor a blessed scroll of teleportation MalkMcJorma the Ranger's attributes: Background: You were a Trailblazer, a level 8 male elven Ranger. You were chaotic, on a mission for Mars who was opposed by Mercury (lawful) and Venus (neutral). You were right-handed. You were in the Gnomish Mines, on level 8. You entered the dungeon 5625 turns ago. You had 1456 experience points, 1104 more were needed to attain level 9. Basics: You had 0 out of 49 hit points. You had all 46 energy points (spell power). Your armor class was -2. Your wallet was empty, but you had 681 zorkmids stashed away in your pack. Autopickup was off. Final Characteristics: Your strength was 16 (limit:18). Your dexterity was 11 (limit:18). Your constitution was 15 (limit:16). Your intelligence was 14 (limit:20). Your wisdom was 15 (limit:20). Your charisma was 7 (limit:18). Final Status: You died from food poisoning. You were satiated. You were burdened; movement was slightly slowed. You were wielding a bow. You had basic skill with bow. Final Attributes: You were piously aligned. You were sleep resistant. You were telepathic. You had automatic searching. You had infravision. You were stealthy. You could jump. You had a small defense bonus (+1). You were protected. You were unlucky. You are dead. Miscellaneous: You disabled loading of bones levels. Total elapsed playing time was 1 hour, 16 minutes and 45 seconds. Major events: Turn 1: MalkMcJorma the chaotic male elven Ranger entered the dungeon 1: became literate by naming Sting 492: attained the rank of Lookout (level 3) 1793: entered the Gnomish Mines 2267: attained the rank of Trailblazer (level 6) 5617: reached Mine Town 5625: poisoned by a rotted dwarf lady corpse Vanquished creatures: a small mimic an elf mummy a carnivorous ape 5 wolves a giant spider a horse a gold golem a dog a dwarf leader a raven 2 Mordor orcs 7 Uruk-hai a rock piercer a rock mole 2 ponies a fog cloud a yellow light a shrieker 6 gnome leaders 4 gnomish wizards a gray ooze a straw golem 3 giant ants 4 floating eyes 7 dwarves 4 hill orcs 9 rothes a centipede 2 giant bats an orc zombie 2 iguanas an acid blob a coyote 4 hobbits a hobgoblin 2 cave spiders a yellow mold 26 gnomes 2 garter snakes 3 geckos 2 jackals 4 goblins 7 sewer rats 12 grid bugs 3 lichens 7 newts 151 creatures vanquished. No species were genocided or became extinct. Voluntary challenges: You read items or engraved 8 times. You engraved Elbereth 2 times. You never genocided any monsters. You never polymorphed an object. You never changed form. You used no wishes. Achievements: You attained the rank of Lookout. You entered a shop. You entered the Gnomish Mines. You attained the rank of Trailblazer. You entered Minetown. The Dungeons of Doom: levels 1 to 5 Level 1: Level 2: A general store, some fountains. Level 3: Level 4: A general store, a fountain. Stairs down to The Gnomish Mines. Level 5: The Gnomish Mines: levels 5 to 8 Level 5: Level 6: Level 7: Level 8: <- You were here. Final resting place for you, poisoned by a rotted dwarf lady corpse. Game over: ---------- / \ / REST \ / IN \ / PEACE \ / \ | MalkMcJorma | | 681 Au | | poisoned by a | | rotted dwarf | | lady corpse | | | | 2024 | *| * * * | * _________)/\\_//(\/(/\)/\//\/|_)_______ Goodbye MalkMcJorma the Ranger... You were poisoned in The Gnomish Mines on dungeon level 8 with 6807 points, and 681 pieces of gold, after 5625 moves. You were level 8 with a maximum of 49 hit points when you were poisoned.